 Dungeon Crawl Stone Soup version 0.31-a0-18-gea43df2a32 (webtiles) character file.

Game seed: 16580409060609561010

597 vineage the Poker (level 7, 0/56 HPs)
             Began as a Merfolk Fighter on May 11, 2023.
             Slain by a water moccasin (3 damage)
             ... on level 5 of the Dungeon.
             The game lasted 00:04:50 (5212 turns).

vineage the Poker (Merfolk Fighter)                 Turns: 5212, Time: 00:04:50

Health: 0/56       AC:  9    Str: 18    XL:     7   Next: 40%
Magic:  7/7        EV:  9    Int:  8    God:
Gold:   256        SH:  0    Dex: 13    Spells: 6/6 levels left

rFire   . . .        a - +1 trident
rCold   . . .        c - +1 buckler
rNeg    . . .        b - +0 scale mail
rPois   .            (no helmet)
rElec   .            (no cloak)
rCorr   .            r - +1 pair of gloves
SInv    .            (no boots)
Will    .....        (no amulet) Stlth
                     (no ring)
HPRegen 0.29/turn    (no ring)
MPRegen 0.10/turn

%: no passive effects
@: confused, brilliant, lethally poisoned (0 -> -2), ambrosia-drunk, flying,
hasted, very quick
A: (nimble swimmer 2), mertail
a: no special abilities


You were on level 5 of the Dungeon.
You visited 1 branch of the dungeon, and saw 5 of its levels.

You collected 256 gold pieces.

Inventory:

Hand Weapons
 a - a +1 trident (weapon)
Missiles
 i - a throwing net (quivered)
Armour
 b - a +0 scale mail (worn)
 c - a +1 buckler (worn)
 r - a +1 pair of gloves (worn)
Scrolls
 f - a scroll of blinking
 g - a scroll of magic mapping
 k - 2 scrolls of teleportation
 l - 2 scrolls of silence
 n - 2 scrolls of torment
 q - a scroll of acquirement {unknown}
 s - a scroll of vulnerability {unknown}
Potions
 d - a potion of might
 e - 2 potions of mutation
 h - 3 potions of attraction
 j - a potion of haste


   Skills:
 + Level 5.2 Fighting
 + Level 5.3 Polearms
 * Level 3.9 Armour
 + Level 4.8 Shields


You had 6 spell levels left.
You didn't know any spells.
Your spell library was empty.

Dungeon Overview and Level Annotations

Branches:
Dungeon (5/15)
 Temple: D:4-7

Altars:
Sif Muna

Shops:
D:2 (


Innate Abilities, Weirdness & Mutations

((You are very nimble when in or above water. (Stealth+, EV+, Speed+++)))
Your lower body shifts to a powerful aquatic tail in water.


Message History

* * * LOW HITPOINT WARNING * * *
You feel very sick.
The gnoll is no longer moving quickly.
The water moccasin bites you but does no damage.
The water moccasin barely misses you.
You feel clever all of a sudden.
* * * LOW HITPOINT WARNING * * *
You feel very sick.
The water moccasin bites you but does no damage.
It was a potion of curing.
You feel better.
The gnoll is no longer moving quickly.
The water moccasin bites you.
* * * LOW HITPOINT WARNING * * *
You are poisoned.
The water moccasin poisons you!
The gnoll bouda barks out a call to the hunt!
The gnolls pick up the pace!
It was a potion of flight.
You feel very buoyant.
You fly up into the air.
* * * LOW HITPOINT WARNING * * *
You feel very sick. The water moccasin barely misses you.
The water moccasin bites you but does no damage.
You closely miss the water moccasin.
The water moccasin is almost dead.
You feel sick. The water moccasin barely misses you.
You barely miss the water moccasin.
The water moccasin is almost dead.
* * * LOW HITPOINT WARNING * * *
You feel sick. You block the water moccasin's attack.
The water moccasin closely misses you.
You barely miss the water moccasin.
The water moccasin is almost dead.
You feel sick. The water moccasin misses you.
You are confused.
You feel invigorated.
You feel sick. The water moccasin bites you!
* * * LOW HITPOINT WARNING * * *
Unknown command.
You feel yourself speed up.
You feel sick. The water moccasin bites you.
You die...

##### ##gl.#
####gg#.## #.@Sg##.$#
#.######.## ...
##..###### #...##
#.g......# .......#
#........#
#.#......##l.......#
...#.###.....g......#
.# #. ##...........#
! ####..........


You could see a water moccasin, a gnoll bouda, an iguana and 3 gnolls.

Vanquished Creatures
  An orc warrior (D:4)
  A black bear (D:4)
  An ogre (D:4)
  A scorpion (D:4)
  An orc priest (D:4)
  Natasha (thrice) (D:3)
  3 gnolls
  4 adders
  A worm (D:2)
  4 dart slugs
  4 orcs
  6 ball pythons
  7 bats
  7 endoplasms
  10 goblins
  15 hobgoblins
  7 jackals
  2 quokkas
  2 frilled lizards (D:2)
  12 kobolds
  5 rats
97 creatures vanquished.

Vanquished Creatures (others)
  An orc wizard (D:4)
1 creature vanquished.

Grand Total: 98 creatures vanquished

Notes
Turn   | Place    | Note
-------+----------+-------------------------------------------
     0 | D:1      | vineage the Merfolk Fighter began the quest for the Orb.
     0 | D:1      | Reached XP level 1. HP: 18/18 MP: 1/1
    86 | D:1      | Reached XP level 2. HP: 23/24 MP: 2/2
   314 | D:1      | Reached XP level 3. HP: 28/29 MP: 3/3
  1300 | D:2      | Reached XP level 4. HP: 32/37 MP: 4/4
  1619 | D:2      | Found Ned Sano's Weapon Boutique.
  1727 | D:2      | Found a shimmering blue altar of Sif Muna.
  2155 | D:3      | Noticed Natasha
  2167 | D:3      | Killed Natasha
  2168 | D:3      | Reached XP level 5. HP: 32/42 MP: 5/5
  2169 | D:3      | Noticed Natasha
  2178 | D:3      | Killed Natasha
  2195 | D:3      | Noticed Natasha
  2202 | D:3      | Killed Natasha
  2576 | D:3      | Found a shimmering blue altar of Sif Muna.
  3507 | D:4      | Reached XP level 6. HP: 49/49 MP: 6/6
  3671 | D:4      | Noticed a black bear
  3678 | D:4      | Killed a black bear
  3679 | D:4      | Reached skill level 5 in Fighting
  3679 | D:4      | Reached skill level 5 in Polearms
  3679 | D:4      | Reached XP level 7. HP: 56/56 MP: 7/7
  5166 | D:5      | Entered Level 5 of the Dungeon
  5211 | D:5      | HP: 1/56 [water moccasin (8)]
  5212 | D:5      | Slain by a water moccasin

Illustrated notes

Levels and vault maps discovered:
D:1:      minmay_arrival_cross, layout_loops_ring
D:2:      cheibrodos_greedy_goblins, layout_basic, serial_shops, shop,
          basic_altar
D:3:      layout_loops_ring, nicolae_sif_muna_condensation,
          grunt_decor_resistance, uniq_natasha
D:4:      layout_loops_ring, dreamdust_mushroom_princess, minmay_fountain_box,
          st_stairs_9, nicolae_nh_ransacked_shop
D:5:      layout_rooms

Skill      XL: |  1  2  3  4  5  6 |
---------------+-------------------+-----
Polearms       | 3 4 5 |  5.3
Fighting       | 4 5 |  5.2
Shields        | 4 |  4.8
Armour         | 3 |  3.9

Action                     |  1- 3 |  4- 6 |  7- 9 || total
---------------------------+-------+-------+-------++-------
  Melee: Trident           |    97 |   203 |    69 ||   369
    Use: Scroll            |     6 |     7 |       ||    13
         Potion            |       |       |     8 ||     8
 Armour: Scale mail        |    35 |    51 |    17 ||   103
  Dodge: Dodged            |    38 |    66 |    27 ||   131
  Block: Buckler           |    21 |    42 |    28 ||    91

Table legend: (Time is in decaauts)
 A = Elapsed time spent in this place.
 B = Non-inter-level travel time spent in this place.
 C = Inter-level travel time spent in this place.
 D = Time resting spent in this place.
 E = Time spent auto-exploring this place.
 F = Levels seen in this place.
 G = Mean time per level.
                   A        B        C        D        E       F      G
               +--------+--------+--------+--------+--------+-----+--------+
         Total |   5272 |   5037 |    235 |   1956 |   2331 |   5 | 1054.4 |
       Dungeon |   5272 |   5037 |    235 |   1956 |   2331 |   5 | 1054.4 |
               +--------+--------+--------+--------+--------+-----+--------+

Top non-repeatable levels by time:
     D:4: 1588 daAuts
     D:3: 1512 daAuts
     D:1: 1235 daAuts
     D:2: 888 daAuts
     D:5: 46 daAuts
